[Event "*** Titled Tuesday Blitz"]
[Site "Chess.com"]
[Date "2020.04.14"]
[Round "3"]
[White "PavelChernomordik"]
[Black "kleinebeer98"]
[Result "0-1"]
[WhiteElo "2429"]
[BlackElo "2710"]
[TimeControl "180+1"]
[EndTime "10:26:03 PDT"]
[Termination "kleinebeer98 won by resignation"]

1. e4 c5 2. Nc3 e6 3. f4 Nc6 4.
Nf3 a6 5. g3 b5 6. Bg2 Bb7 7. d3 d6 8. O-O Nf6 9. Qe2 Be7 10. e5 dxe5 11. fxe5 Nd7 12. h4 Qc7 13. Bf4 h6 14. Rae1 O-O-O 15. h5 g5 16. hxg6 fxg6 17. Bh3 g5 18. Bc1 Nd4 19. Nxd4 cxd4 20. Nd1 Kb8 21. Rf7 Rde8 22. Bxe6 Qc6 23. Kh2 Qxe6 24. Ref1 Nxe5 25. Kg1 Qd5 26. Qe4 Qxe4 27. dxe4 Nxf7 0-1

[Event "*** Titled Tuesday Blitz"]
[Site "Chess.com"]
[Date "2020.04.14"]
[Round "3"]
[White "Hikaru"]
[Black "mitrabhaa"]
[Result "1-0"]
[WhiteElo "3241"]
[BlackElo "2615"]
[TimeControl "180+1"]
[EndTime "10:26:03 PDT"]
[Termination "Hikaru won by resignation"]

1. e4 c6 2. Nc3 d5 3. Nf3 dxe4 4. Nxe4 Nf6 5. Qe2 Nxe4 6. Qxe4 Be6 7. b3 Nd7 8. Bb2 Nf6 9. Qh4 Bf5 10. O-O-O e6 11. Ne5 Be7 12. f4 a5 13. a4 O-O 14. Qf2 Qc7 15. g4 Be4 16. Rg1 b5 17. g5 Nd5 18.
Qd4 f5 19. gxf6 Nxf6 20. Bh3 Bf5 21. Bxf5 exf5 22. Rde1 bxa4 23. Qc4+ Kh8 24. Nf7+ Kg8 25. Nh6+ Kh8 26. Qg8+ 1-0

[Event "*** Titled Tuesday Blitz"]
[Site "Chess.com"]
[Date "2020.04.14"]
[Round "3"]
[White "eCztery"]
[Black "crywolf1986"]
[Result "1-0"]
[WhiteElo "2391"]
[BlackElo "2582"]
[TimeControl "180+1"]
[EndTime "10:26:03 PDT"]
[Termination "eCztery won by resignation"]

1. e4 c6 2. Nc3 d5 3. Nf3 Bg4 4. h3 Bh5 5. exd5 cxd5 6. g4 Bg6 7. Ne5 Nc6 8. Bb5 Qd6 9. d4 f6 10. Nxg6 hxg6 11. Qf3 e6 12. Bf4 Qd7 13. O-O-O Bd6 14. Rhe1 Kf7 15. Nxd5 a6 16. Nb6 Qc7 17. Nxa8 Bxf4+ 18. Kb1 Qd6 19. Bc4 g5 20. Rxe6 Qxe6 21. Bxe6+ Kxe6 22. d5+ Kf7 23. dxc6 bxc6 24. Rd8 1-0

[Event "*** Titled Tuesday Blitz"]
[Site "Chess.com"]
[Date "2020.04.14"]
[Round "3"]
[White "ketster"]
[Black "MoreChessJulia"]
[Result "1-0"]
[WhiteElo "2264"]
[BlackElo "1735"]
[TimeControl "180+1"]
[EndTime "10:26:04 PDT"]
[Termination "ketster won by resignation"]

1. d4 c5 2. d5 b5 3. e4 a6 4. Nf3 d6 5. a4 b4 6. Nbd2 Bg4 7. Be2 g6 8. O-O Bg7 9. Nc4 Bxf3 10. Bxf3 Nd7 11.
Rb1 Ne5 12. Nxe5 Bxe5 13. Be2 Bg7 14. b3 Nf6 15. Bd3 O-O 16. Qe2 Nd7 17. Bxa6 f5 18. Bd3 Ne5 19. exf5 Nxd3 20. Qxd3 Rxf5 21. Bb2 Bxb2 22. Rxb2 Qd7 23. Re1 Raf8 24. f3 Qb7 25. Rd1 Re5 26. a5 Rff5 27. a6 Qa8 28. Qb5 Rxd5 29. Ra1 Rd2 30. a7 Rxg2+ 31. Kh1 Qxf3 32. a8=Q+ 1-0

[Event "*** Titled Tuesday Blitz"]
[Site "Chess.com"]
[Date "2020.04.14"]
[Round "3"]
[White "okriak"]
[Black "Bykov_Egor"]
[Result "1-0"]
[WhiteElo "2767"]
[BlackElo "2551"]
[TimeControl "180+1"]
[EndTime "10:26:06 PDT"]
[Termination "okriak won by resignation"]

1. Nf3 Nf6 2. c4 e6 3. Nc3 Bb4 4. Qc2 O-O 5. e3 b6 6. b3 Bb7 7.
Bb2 d6 8. Be2 e5 9. Nd5 Bxd5 10.
cxd5 e4 11. Ng5 Nxd5 12. Nxe4 c5 13. Bf3 Na6 14. h4 Nac7 15. Ng5 g6 16. Nxh7 Kxh7 17. h5 Kg8 18. hxg6 f6 19. Qc4 b5 20. Qh4 1-0

[Event "*** Titled Tuesday Blitz"]
[Site "Chess.com"]
[Date "2020.04.14"]
[Round "3"]
[White "Kirill_Klukin"]
[Black "Mfcyryd"]
[Result "0-1"]
[WhiteElo "2713"]
[BlackElo "2478"]
[TimeControl "180+1"]
[EndTime "10:26:07 PDT"]
[Termination "Mfcyryd won by resignation"]

1. d4 Nf6 2. Nf3 e6 3. g3 b6 4. Bg2 Bb7 5. O-O Be7 6. c4 O-O 7. Nc3 d5 8. cxd5 Nxd5 9. Re1 c5 10. e4 Nxc3 11. bxc3 cxd4 12. cxd4 Nc6 13. Bb2 Rc8 14. Qe2 Nb4 15. Rec1 Ba6 16. Qd2 Qd7 17. Ne5 Qa4 18. Bf3 f6 19. Bd1 Qb5 20. Bb3 Rxc1+ 21. Rxc1 fxe5 22.
Bxe6+ Kh8 23. d5 Nd3 0-1

[Event "*** Titled Tuesday Blitz"]
[Site "Chess.com"]
[Date "2020.04.14"]
[Round "3"]
[White "Chigorinetz"]
[Black "checkmatequen"]
[Result "1-0"]
[WhiteElo "2454"]
[BlackElo "2210"]
[TimeControl "180+1"]
[EndTime "10:26:08 PDT"]
[Termination "Chigorinetz won by resignation"]

1. e4 c5 2. Nc3 e6 3. Nge2 a6 4.
g4 b5 5. Bg2 Bb7 6. Ng3 d6 7.
h4 b4 8. Nce2 Nd7 9. d3 Ne5 10.
g5 Ne7 11. f4 N5c6 12. Be3 Qa5 13. Qd2 O-O-O 14. a3 h6 15. O-O hxg5 16. axb4 Qxb4 17. c3 Qb6 18. hxg5 d5 19. b4 d4 20. Bf2 dxc3 21. Nxc3 Qxb4 22. Rfb1 Qc4 23. Qb2 Qb4 24. Qc1 Rxd3 25.
Rxb4 cxb4 26. Na4 Kb8 27. Nc5 Rc3 28. Qd2 Nc8 29. Nxb7 Kxb7 30. Qd7+ Kb8 31. e5 Bc5 32. Bxc5 Rxc5 33. Bxc6 Rxc6 34. Qxc6 Rd8 35. Ne4 b3 36.
Nc5 1-0

[Event "*** Titled Tuesday Blitz"]
[Site "Chess.com"]
[Date "2020.04.14"]
[Round "3"]
[White "SmoothAsAHedgehog"]
[Black "Zaven_ChessMood"]
[Result "0-1"]
[WhiteElo "2659"]
[BlackElo "2901"]
[TimeControl "180+1"]
[EndTime "10:26:09 PDT"]
[Termination "Zaven_ChessMood won by resignation"]

1. Nf3 d5 2. c4 d4 3. b4 g5 4. Bb2 Bg7 5. d3 g4 6. Nfd2 e5 7. g3 h5 8. h4 Ne7 9. Na3 O-O 10. Bg2 a5 11. b5 Nd7 12. Qc2 Nc5 13. Nb3 Na4 14.
O-O-O c6 15. Nd2 Nxb2 16. Qxb2 f5 17. Kc2 Be6 18. Rb1 Rc8 19. bxc6 bxc6 20. Qb6 Qd7 21. Qc5 e4 22. Rb6 Nd5 23. Rhb1 Nxb6 24. Rxb6 Rfd8 25. Qxa5 Ra8 26. Ra6 Qb7 27. Rxa8 Rxa8 28. Qc5 Qa6 29. Qe7 Qa4+ 30. Kb1 Qd1+ 31. Kb2 Qxd2+ 32. Nc2 Rb8+ 0-1

[Event "*** Titled Tuesday Blitz"]
[Site "Chess.com"]
[Date "2020.04.14"]
[Round "3"]
[White "kikydu96"]
[Black "goofypenguin96"]
[Result "1-0"]
[WhiteElo "2340"]
[BlackElo "2123"]
[TimeControl "180+1"]
[EndTime "10:26:09 PDT"]
[Termination "kikydu96 won by checkmate"]

1. e4 c6 2. d4 d5 3. Nc3 dxe4 4. Nxe4 Nf6 5. Nxf6+ exf6 6. c3 Bd6 7. Bd3 O-O 8. Ne2 Bg4 9. Qc2 h6 10. Be3 Bxe2 11. Qxe2 Nd7 12. O-O-O Qc7 13. Bxh6 Bf4+ 14. Bxf4 Qxf4+ 15. Qe3 Qg5 16. h4 Qa5 17. Qe4 f5 18. Qxf5 Nf6 19. Qxa5 b6 20. Qg5 a5 21. h5 a4 22. h6 a3 23. Qxg7# 1-0

[Event "*** Titled Tuesday Blitz"]
[Site "Chess.com"]
[Date "2020.04.14"]
[Round "3"]
[White "Pavlov_Sergey"]
[Black "obliviate12"]
[Result "1-0"]
[WhiteElo "2594"]
[BlackElo "2852"]
[TimeControl "180+1"]
[EndTime "10:26:10 PDT"]
[Termination "Pavlov_Sergey won on time"]

1. c4 Nf6 2. Nf3 e6 3. g3 d5 4.
Bg2 dxc4 5. Qa4+ Nbd7 6. Qxc4 c5 7. d3 a6 8. Qc2 b6 9. Ne5 Nd5 10. Nxd7 Qxd7 11. O-O Bb7 12. Nc3 Be7 13. a3 O-O 14.
Bd2 Rac8 15. Qb3 b5 16. a4 c4 17. dxc4 bxc4 18. Qd1 Nb4 19. Be3 Qc7 20. Bf4 Qb6 21.
a5 Qa7 22. Qd7 1-0

[Event "*** Titled Tuesday Blitz"]
[Site "Chess.com"]
[Date "2020.04.14"]
[Round "3"]
[White "Jeffinho023"]
[Black "lucasran"]
[Result "0-1"]
[WhiteElo "2410"]
[BlackElo "2654"]
[TimeControl "180+1"]
[EndTime "10:26:13 PDT"]
[Termination "lucasran won by resignation"]

1. d4 Nf6 2. Nf3 b6 3. g3 Bb7 4.
Bg2 e6 5. O-O Be7 6. c4 O-O 7.
Nc3 Ne4 8. Bd2 f5 9. d5 Bf6 10. Rc1 c5 11. Qc2 Bxc3 12. Bxc3 exd5 13. cxd5 d6 14.
Rfd1 Nd7 15. Nd2 Nxd2 16. Qxd2 Qe7 17. Qf4 Rae8 18. a3 Ne5 19. h3 Ng6 20. Qd2 Qxe2 21. Qxe2 Rxe2 22. Re1 Rfe8 23. Rxe2 Rxe2 24. Bf3 Re7 25.
Rd1 Ne5 26. Bg2 Kf7 27. h4 g6 28. Rd2 Ng4 29. Bf3 Nf6 30. Kg2 Ba6 31. Rd1 Be2 32.
Rd3 Bxd3 0-1

[Event "*** Titled Tuesday Blitz"]
[Site "Chess.com"]
[Date "2020.04.14"]
[Round "3"]
[White "AlexandraBotez"]
[Black "Chessalary"]
[Result "0-1"]
[WhiteElo "1967"]
[BlackElo "2284"]
[TimeControl "180+1"]
[EndTime "10:26:15 PDT"]
[Termination "Chessalary won by checkmate"]

1. d4 d5 2. Bf4 Nf6 3. Nf3 c5 4. e3 Nc6 5. c3 Qb6 6. Qb3 c4 7.
Qc2 Bf5 8. Qc1 e6 9. Nh4 Be4 10. f3 Bg6 11. Nxg6 hxg6 12. g4 Be7 13. Bg2 Nd7 14.
Bg3 e5 15. O-O exd4 16. exd4 O-O-O 17. Nd2 Bh4 18. Bd6 Bg5 19. a4 Nxd4 20. cxd4 Qxd6 21. h3 Be3+ 22. Kh1 Qg3 23. Ne4 Rxh3+ 24. Bxh3 Qxh3# 0-1

[Event "*** Titled Tuesday Blitz"]
[Site "Chess.com"]
[Date "2020.04.14"]
[Round "3"]
[White "GigaQuparadze"]
[Black "GMMarcinDziuba"]
[Result "0-1"]
[WhiteElo "2908"]
[BlackElo "2690"]
[TimeControl "180+1"]
[EndTime "10:26:18 PDT"]
[Termination "GMMarcinDziuba won by resignation"]

1. e4 c6 2. d4 d5 3. Nc3 dxe4 4. Nxe4 Bf5 5. Ng3 Bg6 6. h4 h6 7. Nf3 Nd7 8. h5 Bh7 9. Bd3 Bxd3 10. Qxd3 e6 11.
Bf4 Qa5+ 12. Bd2 Bb4 13. c3 Be7 14. c4 Qc7 15. O-O-O Ngf6 16. Rhe1 O-O-O 17. Qc2 Rhe8 18. Kb1 c5 19. Be3 cxd4 20. Nxd4 a6 21. Nb3 Nc5 22. a3 Nxb3 23. Qxb3 Bc5 24. Ka2 Bxe3 25. Rxd8+ Rxd8 26. Rxe3 Qc5 27. Rc3 Qxf2 28. c5 Rd2 29. c6 b5 30. Qb4 Nd5 31. Qf8+ Kc7 32. Rb3 Nc3+ 33. Rxc3 Rxb2+ 34. Ka1 Ra2+ 0-1

[Event "*** Titled Tuesday Blitz"]
[Site "Chess.com"]
[Date "2020.04.14"]
[Round "3"]
[White "Hadza_3"]
[Black "JustWatch000"]
[Result "0-1"]
[WhiteElo "2398"]
[BlackElo "2626"]
[TimeControl "180+1"]
[EndTime "10:26:20 PDT"]
[Termination "JustWatch000 won by resignation"]

1. e4 d6 2. Nc3 Nf6 3. f4 g6 4. Nf3 Bg7 5. Bc4 O-O 6. O-O Nc6 7. d3 Bg4 8. h3 Bxf3 9. Qxf3 Nd4 10. Qf2 c5 11. a4 e6 12. Be3 a6 13. Rac1 Rc8 14.
Qh4 d5 15. Ba2 b5 16. f5 exf5 17. Bg5 h6 18. Bxh6 dxe4 19. Bg5 Qb6 20. a5 Qd6 21. dxe4 Nxe4 22. Nxe4 fxe4 23. Be7 Ne2+ 24. Kf2 Qd2 25.
Rfd1 Bd4+ 26. Kf1 Qe3 27. Rxd4 cxd4 28. Bd6 Qxc1+ 0-1

[Event "*** Titled Tuesday Blitz"]
[Site "Chess.com"]
[Date "2020.04.14"]
[Round "3"]
[White "K_A_S_T_O_R"]
[Black "DrVelja"]
[Result "1-0"]
[WhiteElo "2840"]
[BlackElo "2628"]
[TimeControl "180+1"]
[EndTime "10:26:24 PDT"]
[Termination "K_A_S_T_O_R won by resignation"]

1. e4 c5 2. Nf3 Nc6 3. d4 cxd4 4. Nxd4 Nf6 5. Nc3 e5 6. Ndb5 d6 7. Bg5 a6 8. Na3 b5 9. Nd5 Be7 10. Bxf6 Bxf6 11. c3 O-O 12. Nc2 Rb8 13. h4 g6 14.
g3 Bg7 15. h5 a5 16. a3 Be6 17. Nce3 Ne7 18. hxg6 hxg6 19. Bh3 f5 20. exf5 gxf5 21. Bg2 f4 22. Nxe7+ Qxe7 23. Nd5 Qf7 24. Qd3 Bh8 25. Be4 fxg3 26. Bh7+ Kg7 27. Qxg3+ 1-0

[Event "*** Titled Tuesday Blitz"]
[Site "Chess.com"]
[Date "2020.04.14"]
[Round "3"]
[White "Olga_Zhuravleva"]
[Black "shyam"]
[Result "0-1"]
[WhiteElo "2229"]
[BlackElo "2633"]
[TimeControl "180+1"]
[EndTime "10:26:24 PDT"]
[Termination "shyam won by resignation"]

1. e4 c5 2. Nf3 Nc6 3. Nc3 Nf6 4. e5 Ng4 5. Qe2 g6 6. d4 cxd4 7. Nb5 Bg7 8. Bf4 Qa5+ 9. Bd2 Qb6 10. Qe4 Ngxe5 11.
Nxe5 Nxe5 12. O-O-O f5 13. Qh4 d3 14. Nc3 dxc2 15.
Kxc2 e6 16. Bg5 Kf7 17. Be3 Qd8 18. h3 Qxh4 0-1

[Event "*** Titled Tuesday Blitz"]
[Site "Chess.com"]
[Date "2020.04.14"]
[Round "3"]
[White "JesseFebruary"]
[Black "Leo_C"]
[Result "0-1"]
[WhiteElo "1753"]
[BlackElo "2264"]
[TimeControl "180+1"]
[EndTime "10:26:24 PDT"]
[Termination "Leo_C won by resignation"]

1. e4 c6 2. d4 d5 3. Nc3 dxe4 4. Nxe4 Nf6 5. Nxf6+ exf6 6. Nf3 Bd6 7. Bd3 O-O 8.
Be3 Re8 9. Qd2 Nd7 10. O-O-O Nf8 11. h3 Be6 12. Kb1 a5 13. g4 a4 14. g5 Bd5 15. Be2 f5 16. Rhg1 f4 17. Bxf4 Bxf4 18. Qxf4 Rxe2 19. Ne5 Ng6 20. Nxg6 fxg6 21. Rde1 Qe7 22.
Rxe2 Qxe2 23. Qd6 Re8 24. Rc1 Be4 25. Qd7 Bf5 0-1

[Event "*** Titled Tuesday Blitz"]
[Site "Chess.com"]
[Date "2020.04.14"]
[Round "3"]
[White "TudorAnton"]
[Black "Pittiplatsh"]
[Result "1-0"]
[WhiteElo "2575"]
[BlackElo "2347"]
[TimeControl "180+1"]
[EndTime "10:26:26 PDT"]
[Termination "TudorAnton won on time"]

1. d4 Nf6 2. Nc3 d5 3. Bf4 g6 4.
Qd2 Bg7 5. Bh6 O-O 6. O-O-O c5 7. Bxg7 Kxg7 8. dxc5 Qa5 9. Kb1 Rd8 10. h4 h5 11. Nf3 Nc6 12. e3 Qxc5 13. Nd4 Nxd4 14. exd4 Qb6 15. Be2 Bf5 16. f3 Rac8 17. Rhg1 Rc7 18. g4 hxg4 19. fxg4 Ne4 20. Nxe4 Bxe4 21. Bd3 Qxd4 22. Qf4 Rdc8 23. Rgf1 e6 24. h5 Qc5 25. Qf6+ Kg8 26. hxg6 1-0

[Event "*** Titled Tuesday Blitz"]
[Site "Chess.com"]
[Date "2020.04.14"]
[Round "3"]
[White "The_Chess_Coach"]
[Black "XiaoKangZhong"]
[Result "0-1"]
[WhiteElo "2180"]
[BlackElo "2389"]
[TimeControl "180+1"]
[EndTime "10:26:26 PDT"]
[Termination "XiaoKangZhong won by checkmate"]

1. d4 Nf6 2. c4 g6 3. Nc3 d5 4.
cxd5 Nxd5 5. Bd2 Bg7 6. e4 Nb6 7. Be3 O-O 8. h3 Nc6 9. Nf3 Na5 10. d5 Nac4 11. Bd4 Nxb2 12. Qb3 c6 13. Qxb2 cxd5 14.
e5 Bf5 15. Be2 Nc4 16. Qb5 Na3 17. Qxd5 Nc2+ 18. Kd2 Nxa1 19. Rxa1 Qc7 20. g4 Be6 21. Qe4 Rfd8 22. Rb1 Rac8 23. Rxb7 Qxc3+ 24. Kd1 Qc1# 0-1

[Event "*** Titled Tuesday Blitz"]
[Site "Chess.com"]
[Date "2020.04.14"]
[Round "3"]
[White "tamarozi99"]
[Black "smshk35"]
[Result "0-1"]
[WhiteElo "1958"]
[BlackElo "2283"]
[TimeControl "180+1"]
[EndTime "10:26:26 PDT"]
[Termination "smshk35 won by resignation"]

1. e4 c5 2. Nf3 Nc6 3. d4 cxd4 4. Nxd4 Qb6 5. Nb3 Nf6 6. Nc3 e6 7. Be3 Qc7 8. Be2 Bb4 9. f3 d5 10. O-O Bxc3 11. bxc3 O-O 12. Bg5 Qe5 13. f4 Qxc3 14.
e5 Ne4 15. Bh4 b6 16. Bd3 Bb7 17. Be1 Qb2 18. a4 Nd4 19. Bxe4 Nxb3 20. cxb3 dxe4 21. Qd2 Qxa1 0-1

[Event "*** Titled Tuesday Blitz"]
[Site "Chess.com"]
[Date "2020.04.14"]
[Round "3"]
[White "Vincent_Vega95"]
[Black "SahaNeelash"]
[Result "1-0"]
[WhiteElo "2772"]
[BlackElo "2554"]
[TimeControl "180+1"]
[EndTime "10:26:28 PDT"]
[Termination "Vincent_Vega95 won by checkmate"]

1. Nf3 d6 2. c4 e5 3. Nc3 Nc6 4. d4 g6 5. dxe5 Nxe5 6. Nxe5 dxe5 7. Qxd8+ Kxd8 8. h4 Be6 9. b3 c6 10. h5 Kc7 11. Bb2 Bb4 12. a3 Bd6 13. hxg6 fxg6 14. Ne4 Bf5 15. Nxd6 Kxd6 16. f4 Ke6 17. Bxe5 Nf6 18. O-O-O Rad8 19. Rxd8 Rxd8 20. Bxf6 Kxf6 21. Rxh7 b5 22. Rc7 Rd6 23. e3 a6 24. Ra7 bxc4 25. Bxc4 Be4 26. g4 Bf3 27. Rf7# 1-0

[Event "*** Titled Tuesday Blitz"]
[Site "Chess.com"]
[Date "2020.04.14"]
[Round "3"]
[White "Oleg_Papayan"]
[Black "Monmoransy"]
[Result "0-1"]
[WhiteElo "2386"]
[BlackElo "2615"]
[TimeControl "180+1"]
[EndTime "10:26:28 PDT"]
[Termination "Monmoransy won by resignation"]

1. e4 c5 2. d4 cxd4 3. c3 Nf6 4.
e5 Nd5 5. cxd4 d6 6. Nf3 Nc6 7. Be2 g6 8. O-O Bg7 9. Re1 O-O 10. h3 dxe5 11. dxe5 Bf5 12. Na3 Nb6 13. Bf4 Qxd1 14. Raxd1 Rfd8 15. Nc4 Nd5 16. Bg3 Ndb4 17. a3 Nc2 18.
Rf1 N2d4 19. Nxd4 Nxd4 20. Bg4 Bxg4 21. hxg4 Rac8 22. Ne3 Ne2+ 23. Kh2 Nxg3 24. fxg3 Bxe5 25. Rxd8+ Rxd8 26. Nc4 Bc7 27. Re1 e6 28. b3 Rd3 29.
Re3 Rxe3 30. Nxe3 Kf8 31. g5 Bd8 0-1

[Event "*** Titled Tuesday Blitz"]
[Site "Chess.com"]
[Date "2020.04.14"]
[Round "3"]
[White "bracuarta"]
[Black "canwedoit"]
[Result "0-1"]
[WhiteElo "2205"]
[BlackElo "2520"]
[TimeControl "180+1"]
[EndTime "10:26:28 PDT"]
[Termination "canwedoit won on time"]

1. d4 Nf6 2. c4 e6 3. Nc3 Bb4 4.
e3 O-O 5. Ne2 c6 6. a3 Ba5 7. b4 Bc7 8. e4 d5 9. e5 Ne8 10. c5 f6 11. f4 g5 12. Qd3 gxf4 13.
Bxf4 fxe5 14. Qg3+ Ng7 15. Bxe5 Bxe5 16. dxe5 a5 17. b5 Nd7 18. Nf4 Nxc5 19. Nh5 Rf7 20.
Nf6+ Kh8 21. Qh4 Nf5 22. Qh5 Bd7 23. Qxf7 Ng7 0-1

[Event "*** Titled Tuesday Blitz"]
[Site "Chess.com"]
[Date "2020.04.14"]
[Round "3"]
[White "Zavgorodniy_Serg"]
[Black "JulAnt"]
[Result "1-0"]
[WhiteElo "2728"]
[BlackElo "2449"]
[TimeControl "180+1"]
[EndTime "10:26:31 PDT"]
[Termination "Zavgorodniy_Serg won by resignation"]

1. e4 c5 2. Nf3 e6 3. b3 Nf6 4. e5 Nd5 5. Bb2 g6 6. c4 Nb6 7. d4 cxd4 8. Qxd4 Nc6 9. Qd2 Bb4 10. Nc3 O-O 11. O-O-O a5 12. a3 Be7 13. Ne4 Kg7 14.
h4 h6 15. Kb1 a4 16. b4 Qc7 17.
h5 g5 18. Nfxg5 Nxe5 19. Nf3 f6 20. Nxe5 fxe5 21. Rh3 Rf4 22. Qxf4 1-0

[Event "*** Titled Tuesday Blitz"]
[Site "Chess.com"]
[Date "2020.04.14"]
[Round "3"]
[White "medalja"]
[Black "PowerThinking2650"]
[Result "0-1"]
[WhiteElo "2433"]
[BlackElo "2200"]
[TimeControl "180+1"]
[EndTime "10:26:31 PDT"]
[Termination "PowerThinking2650 won by resignation"]

1. d4 Nf6 2. c4 g6 3. Nf3 Bg7 4. g3 O-O 5. Bg2 d6 6. O-O Nbd7 7. Nc3 e5 8. e4 exd4 9. Nxd4 Re8 10. h3 Nc5 11.
Re1 a5 12. Qc2 Bd7 13. Be3 Qc8 14. Kh2 Re5 15. f4 Rh5 16. f5 Ng4+ 17. Kg1 Nxe3 18.
Qd2 Nxc4 19. Qd1 Nxb2 20. Qd2 Nbd3 21. Nce2 Nxe1 22. Rxe1 gxf5 23. exf5 Bxf5 24. g4 Bxg4 25. hxg4 Qxg4 26. Nf4 Rg5 27. Nf3 Rf5 28. Nd5 Rxf3 29.
Nxc7 Bd4+ 0-1

[Event "*** Titled Tuesday Blitz"]
[Site "Chess.com"]
[Date "2020.04.14"]
[Round "3"]
[White "MishkaFighter"]
[Black "pedroholly22"]
[Result "1-0"]
[WhiteElo "2572"]
[BlackElo "2347"]
[TimeControl "180+1"]
[EndTime "10:26:32 PDT"]
[Termination "MishkaFighter won by resignation"]

1. Nf3 Nf6 2. c4 g6 3. g3 Bg7 4. Bg2 O-O 5. O-O d6 6. Nc3 c6 7. d4 Na6 8. e4 e5 9. Re1 exd4 10. Nxd4 Nc5 11. h3 a6 12. Bf4 Re8 13. Qc2 Nfxe4 14.
Nxe4 Bxd4 15. Nxd6 Rxe1+ 16. Rxe1 Be6 17. Rd1 Qf6 18. b4 Nd7 19. Nxb7 Bf5 20. Qd2 Bc3 21.
Qd6 Qxd6 22. Bxd6 Re8 23. g4 Be6 24. Bxc6 f5 25. Nc5 Nxc5 26. Bxe8 Ne4 27. b5 Bxc4 28.
b6 Nxd6 29. Rxd6 Be5 30. Rd8 Kg7 31. b7 fxg4 32. hxg4 Be6 33. b8=Q 1-0

[Event "*** Titled Tuesday Blitz"]
[Site "Chess.com"]
[Date "2020.04.14"]
[Round "3"]
[White "Mimsychess"]
[Black "ReyesBraulio"]
[Result "1-0"]
[WhiteElo "2373"]
[BlackElo "2176"]
[TimeControl "180+1"]
[EndTime "10:26:32 PDT"]
[Termination "Mimsychess won by resignation"]

1. d4 d5 2. c4 e6 3. Nf3 f5 4. Nc3 c6 5. g3 Nf6 6. Bg2 Bd6 7. Bf4 O-O 8. Bxd6 Qxd6 9. O-O Nbd7 10. Qc2 Ne4 11. Ne1 Qe7 12. cxd5 exd5 13. Nd3 Ndf6 14. e3 Ng4 15. h3 Ngf6 16. Ne5 Bd7 17. Kh2 Be8 18.
f3 Nd6 19. Rae1 Nd7 20. f4 Ne4 21. Nxe4 fxe4 22. a3 g5 23. Nxd7 Bxd7 24. fxg5 Qxg5 25. Rf4 Rxf4 26. gxf4 Qh4 27. Rg1 Kf7 28. Qc5 Rg8 29. Qd6 Qg3+ 30. Kh1 Bxh3 31. Qc7+ Kf6 32. Qe5+ Kf7 33.
Qh5+ Kf8 34. Qxh3 Qxh3+ 35. Bxh3 Rxg1+ 36. Kxg1 1-0

[Event "*** Titled Tuesday Blitz"]
[Site "Chess.com"]
[Date "2020.04.14"]
[Round "3"]
[White "Igor_Lysyj"]
[Black "lupta_robin"]
[Result "1-0"]
[WhiteElo "2811"]
[BlackElo "2480"]
[TimeControl "180+1"]
[EndTime "10:26:33 PDT"]
[Termination "Igor_Lysyj won by resignation"]

1. d4 g6 2. c4 Nf6 3. Nc3 d5 4. cxd5 Nxd5 5. e4 Nxc3 6. bxc3 c5 7. Bg5 Bg7 8. Rc1 O-O 9. Nf3 Qc7 10. d5 Bg4 11. Be2 e6 12. O-O exd5 13. exd5 Nd7 14. d6 Qc6 15. h3 Be6 16. Be7 Rfe8 17. Ng5 Bd5 18. Bb5 Qxb5 19. Qxd5 Ne5 20. Rb1 Qc6 21. Rfd1 Qxd5 22. Rxd5 Nc6 23. Rxb7 Bxc3 24. Rxc5 Nxe7 25. Rxc3 Nf5 26. Nxf7 Rf8 27. Rcc7 1-0

[Event "*** Titled Tuesday Blitz"]
[Site "Chess.com"]
[Date "2020.04.14"]
[Round "3"]
[White "HElissalt"]
[Black "czasnaszachy"]
[Result "0-1"]
[WhiteElo "2124"]
[BlackElo "2340"]
[TimeControl "180+1"]
[EndTime "10:26:34 PDT"]
[Termination "czasnaszachy won by resignation"]

1. d4 Nf6 2. Nf3 g6 3. g3 Bg7 4. Bg2 O-O 5. O-O d6 6. Re1 Nfd7 7. e4 e5 8. c3 Nc6 9. Be3 f5 10. exf5 gxf5 11. dxe5 dxe5 12. Qb3+ Kh8 13. Ng5 Qf6 14. Na3 f4 15. Ne4 Qf5 16. Bd2 Nf6 17. Nxf6 Qxf6 18. Nc4 Be6 19. Qb5 Bxc4 20. Qxc4 fxg3 0-1

[Event "*** Titled Tuesday Blitz"]
[Site "Chess.com"]
[Date "2020.04.14"]
[Round "3"]
[White "FelixJoseYnojosa"]
[Black "Guachiney"]
[Result "0-1"]
[WhiteElo "2625"]
[BlackElo "2837"]
[TimeControl "180+1"]
[EndTime "10:26:38 PDT"]
[Termination "Guachiney won by resignation"]

1. c4 g6 2. d4 Nf6 3. Nc3 d5 4.
cxd5 Nxd5 5. e4 Nxc3 6. bxc3 Bg7 7. Be3 c5 8. Rc1 O-O 9. Qd2 Qa5 10. d5 e6 11. c4 Qxd2+ 12. Kxd2 b6 13. Bd3 f5 14. f3 Na6 15. Ne2 Nb4 16. Bb1 fxe4 17. fxe4 exd5 18.
exd5 Re8 19. a3 Na6 20. Rce1 Bd7 21. Ng3 b5 22. Bd3 b4 23. axb4 cxb4 24. c5 Bc3+ 25. Kd1 Ba4+ 26. Ke2 Nxc5 27. Bc4 Bxe1 28. Rxe1 Bb3 29.
Bb5 Bxd5 30. Bxe8 Rxe8 31. Kd2 Nb3+ 32. Kd3 a5 33. Ne2 a4 34. Nf4 Bf7 35. Rg1 a3 0-1

[Event "*** Titled Tuesday Blitz"]
[Site "Chess.com"]
[Date "2020.04.14"]
[Round "3"]
[White "Gaguna"]
[Black "Azerichess"]
[Result "0-1"]
[WhiteElo "2683"]
[BlackElo "3006"]
[TimeControl "180+1"]
[EndTime "10:26:39 PDT"]
[Termination "Azerichess won by resignation"]

1. d4 d5 2. Nf3 Nf6 3. c4 dxc4 4. e3 a6 5. Bxc4 e6 6. O-O c5 7. Nc3 b5 8. Bd3 Bb7 9. Qe2 Nbd7 10. Rd1 Qb6 11.
b3 cxd4 12. Nxd4 Bd6 13. Bb2 O-O 14. Nf3 Rfd8 15. h3 Rac8 16. Rac1 Bb8 17. e4 h6 18. Nb1 Rxc1 19. Rxc1 Nc5 20. Bxf6 Nxd3 21. Bxd8 Nxc1 22. Qd2 Qc6 23. Ba5 Bf4 24. Qb2 Qxe4 25.
Nbd2 Ne2+ 26. Kh1 Qd3 27. Qb1 Qxb1+ 28. Nxb1 Nc1 29. Nc3 Bxf3 30. gxf3 Bd2 31. Ne2 Nxb3 32. axb3 Bxa5 33. Nd4 Bb6 34. Nc6 a5 35. Kg2 a4 36.
bxa4 bxa4 37. Nb4 a3 0-1

[Event "*** Titled Tuesday Blitz"]
[Site "Chess.com"]
[Date "2020.04.14"]
[Round "3"]
[White "YQPerez"]
[Black "VishnuPrasanna"]
[Result "1-0"]
[WhiteElo "2991"]
[BlackElo "2681"]
[TimeControl "180+1"]
[EndTime "10:26:39 PDT"]
[Termination "YQPerez won by resignation"]

1. e4 c5 2. c3 Nf6 3. e5 Nd5 4. Nf3 Nc6 5. Bc4 Nb6 6. Bb3 d6 7. exd6 Qxd6 8. O-O Be6 9. Bxe6 Qxe6 10. a4 Qd7 11. a5 Nd5 12. d4 cxd4 13. Nxd4 e6 14. a6 b6 15. Nb5 Rc8 16. Qa4 Bc5 17. Rd1 Qe7 18. b4 Bd6 19. Nxd6+ Qxd6 20. c4 b5 21.
Qxb5 Qxb4 22. Qb7 Nde7 23. Qd7+ Kf8 24. Ba3 Qb8 25. Nc3 Qc7 26. Bxe7+ 1-0

[Event "*** Titled Tuesday Blitz"]
[Site "Chess.com"]
[Date "2020.04.14"]
[Round "3"]
[White "Bagirova"]
[Black "Poghosyan_Suren"]
[Result "0-1"]
[WhiteElo "2203"]
[BlackElo "2519"]
[TimeControl "180+1"]
[EndTime "10:26:39 PDT"]
[Termination "Poghosyan_Suren won by resignation"]

1. e4 e6 2. d4 c5 3. c3 d5 4. exd5 exd5 5. Bd3 Nf6 6. Ne2 Bd6 7. O-O O-O 8. Nd2 Bg4 9. h3 Bh5 10. dxc5 Bxc5 11. Nb3 Bb6 12. Nbd4 Nc6 13. Nxc6 bxc6 14. Bg5 Re8 15. Qc2 h6 16. Bh4 g5 17. Bg3 Ne4 18. Nd4 Qd7 19. Kh2 f5 20. h4 f4 21. hxg5 hxg5 22.
Nf3 fxg3+ 23. fxg3 Bg6 24. Qc1 Qh7+ 25. Nh4 gxh4 26.
g4 Qc7+ 27. Qf4 Qxf4+ 28. Rxf4 Bc7 0-1